 Dungeon Crawl Stone Soup version 0.31-a0-632-g766dd24fdf (webtiles) character file.

Game seed: 8689367967387934051

136 Joey1 the Ruffian (level 4, -3/42 HPs)
             Began as a Troll Shapeshifter on Aug 25, 2023.
             Succumbed to an orc wizard's poison
             ... on level 3 of the Dungeon.
             The game lasted 00:05:13 (1430 turns).

Joey1 the Ruffian (Troll Shapeshifter)              Turns: 1430, Time: 00:05:13

Health: -3/42      AC:  4    Str: 25    XL:     4   Next: 98%
Magic:  3/3        EV:  9    Int:  4    God:
Gold:   194        SH:  0    Dex: 10    Spells: 3/3 levels left

rFire   . .          .
                       - Unarmed
rCold   . . .        (no shield)
rNeg    . . .        a - +0 animal skin
rPois   .            (helmet currently unavailable)
rElec   .            (cloak currently unavailable)
rCorr   .            (gloves unavailable)
SInv    .            (boots unavailable)
Will    .....        m - amulet of regeneration
Stlth   +            (no ring)
HPRegen 1.87/turn    (no ring)
MPRegen 0.08/turn

%: no passive effects
@: lethally poisoned (-3 -> -11), beast-form
A: beast (slay +1), large, unfitting armour, claws 3, regeneration 1, shaggy fur
1, tough skin 1
a: Begin Untransformation


You were on level 3 of the Dungeon.
You were a hulking beast.
You visited 1 branch of the dungeon, and saw 4 of its levels.

You collected 194 gold pieces.

Inventory:

Armour
 a - a +0 animal skin (worn)
Jewellery
 m - an amulet of regeneration (around neck)
Talismans
 c - a beast talisman (active)
 d - a flux talisman
Scrolls
 f - 2 scrolls of immolation {unknown}
 g - 2 scrolls of identify {unknown}
 i - a scroll of fog {unknown}
 j - a scroll of amnesia {unknown}
 k - a scroll of noise {unknown}
 n - a scroll of enchant armour {unknown}
Potions
 b - 2 potions of lignification
 e - a potion of enlightenment {unknown}
 h - a potion of heal wounds {unknown}
 l - a potion of degeneration {unknown}


   Skills:
 * Level 2.3 Fighting
 - Level 1.5 Dodging
 - Level 5.0 Unarmed Combat
 - Level 3.0 Shapeshifting


You had 3 spell levels left.
You didn't know any spells.
Your spell library was empty.

Dungeon Overview and Level Annotations

Branches:
Dungeon (4/15)
 Temple: D:4-7

Altars:

Shops:
D:1 :


Innate Abilities, Weirdness & Mutations

You are a hulking beast.
Your limbs bulge with bestial killing power. (Slay +1)
You are too large for most types of armour.
You have claws for hands.
Your natural rate of healing is unusually fast.
You are covered in fur. (AC +1)
You have tough skin. (AC +1)


Message History

The goblin hits you with a +0 club.
Training target 5.0 for Unarmed Combat reached!
Your Unarmed Combat skill increases to level 5!
You need to enable at least one skill for training.
You mangle the goblin!!
You kill the goblin!
Something hits you.
You are poisoned.
You feel sick. Something hits you.
You are more poisoned.
Items here: ))) †.
You feel very sick. Something hits you but does no damage.
You are more poisoned.
Things that are here:
a +0 dagger of venom; a +0 robe; an orc corpse You feel very sick.
You hear some strange, mumbled words.
A magic dart appears from out of thin air!
The magic dart hits you.
You barely miss something.
You feel very sick.
You hear some strange, mumbled words.
A magic dart appears from out of thin air!
The magic dart hits you.
* * * LOW HITPOINT WARNING * * *
You closely miss something.
You feel very sick. Something hits you.
* * * LOW HITPOINT WARNING * * *
You closely miss something.
You feel sick. Something hits you.
* * * LOW HITPOINT WARNING * * *
You are lethally poisoned!
You closely miss something.
* * * LOW HITPOINT WARNING * * *
You feel very sick. Something hits you but does no damage.
You are more poisoned.
You scratch something.
You die...

...# ..# #..# ...###+#..#
##.## ....#.....# #..# ...
..........####.#########...
..(#....###....###.........
...#.....##................
..........>................
..##.......#...............
..##)...........h{.........
..####...........).........
..# ##....................
..# #....................
..# #....................
.## #....................
## #....................
#### #....................
<..# ############.........


There were no monsters in sight!

Vanquished Creatures
  An orc priest (D:3)
  An orc wizard (D:3)
  2 adders (D:2)
  2 worms
  2 dart slugs (D:2)
  An orc (D:3)
  4 ball pythons (D:2)
  5 bats
  6 endoplasms
  3 giant cockroaches
  8 goblins
  3 hobgoblins
  2 jackals (D:2)
  2 kobolds
  3 quokkas
  2 frilled lizards (D:1)
  5 rats
52 creatures vanquished.

Notes
Turn   | Place    | Note
-------+----------+-------------------------------------------
     0 | D:1      | Joey1 the Troll Shapeshifter began the quest for the Orb.
     0 | D:1      | Reached XP level 1. HP: 18/18 MP: 0/0
    12 | D:1      | Reached skill level 1 in Fighting
    28 | D:1      | Found Qawnomn's Book Shoppe.
    58 | D:1      | Reached XP level 2. HP: 28/28 MP: 1/1
   386 | D:1      | Found a faded altar of an unknown god.
   604 | D:2      | Reached XP level 3. HP: 35/35 MP: 2/2
   850 | D:2      | Reached skill level 4 in Unarmed Combat
  1133 | D:2      | Reached XP level 4. HP: 42/42 MP: 3/3
  1421 | D:3      | Reached skill level 5 in Unarmed Combat
  1429 | D:3      | HP: 1/42 [poisoned by an orc wizard]
  1430 | D:3      | Succumbed to an orc wizard's poison

Illustrated notes

Levels and vault maps discovered:
D:1:      heliophobic_arrival_henge, layout_basic, serial_shops,
          nicolae_shop_statue_plus, ebering_ecumenical_altar_hall
D:2:      layout_basic, minmay_gold_behind_fungi, chequers_serial_rivers_room_b,
          minmay_unequal
D:3:      layout_basic, nicolae_ru_great_annihilating_truth,
          ebering_ghost_disaster_area, serial_shops,
          nicolae_shop_window_shopping, minmay_misc_feat_four_crosses
D:4:      layout_loops_cross, chequers_garden, nicolae_shop_clearance

Skill      XL: |  1  2  3  4 |
---------------+-------------+-----
Fighting       | 1 2 |  2.3
Unarmed Combat | 4 5 |  5.0
Dodging        | |  1.5
Shapeshifting  | |  3.0

Action                     |  1- 3 |  4- 6 || total
---------------------------+-------+-------++-------
  Melee: Unarmed           |    75 |    39 ||   114
         Punch             |     1 |     1 ||     2
   Stab: Distracted        |     1 |       ||     1
 Armour: Animal skin       |    33 |    12 ||    45
  Dodge: Dodged            |    32 |    20 ||    52

Table legend: (Time is in decaauts)
 A = Elapsed time spent in this place.
 B = Non-inter-level travel time spent in this place.
 C = Inter-level travel time spent in this place.
 D = Time resting spent in this place.
 E = Time spent auto-exploring this place.
 F = Levels seen in this place.
 G = Mean time per level.
                   A        B        C        D        E       F      G
               +--------+--------+--------+--------+--------+-----+--------+
         Total |   1421 |   1315 |    106 |      0 |    995 |   4 |  355.2 |
       Dungeon |   1421 |   1315 |    106 |      0 |    995 |   4 |  355.2 |
               +--------+--------+--------+--------+--------+-----+--------+

Top non-repeatable levels by time:
     D:2: 725 daAuts
     D:1: 578 daAuts
     D:3: 96 daAuts
     D:4: 21 daAuts
